 Seeded DCSS version 0.30-a0-331-g8ab09dc110 (webtiles) character file.

Game seed: 20221029 (custom seed)

77 purpskrrrp the Trooper (level 4, 0/35 HPs)
             Began as a Demonspawn Fighter on Oct 29, 2022.
             Slain by Sigmund
             ... wielding a +0 scythe
              (1 damage)
             ... on level 2 of the Dungeon.
             The game lasted 00:01:40 (1225 turns).

purpskrrrp the Trooper (Demonspawn Fighter)         Turns: 1225, Time: 00:01:41

Health: 0/35       AC:  8    Str: 18    XL:     4   Next: 14%
Magic:  4/4        EV:  9    Int: 10    God:
Gold:   141        SH:  4    Dex: 12    Spells: 3/3 levels left

rFire   . . .      SeeInvis .    a - +0 flail
rCold   . . .      Faith    .    c - +0 buckler
rNeg    . . .      Spirit   .    b - +0 scale mail
rPois   .          Reflect  .    f - +0 helmet
rElec   .          Harm     .    (no cloak)
rCorr   .          Rampage  .    (no gloves)
Will    .....                    j - +0 pair of boots
Stlth   ..........               (no amulet)
HPRegen 0.25/turn                (no ring)
MPRegen 0.09/turn                (no ring)

@: no status effects
A: claws 2, condensation shield
a: no special abilities


You were on level 2 of the Dungeon.
You visited 1 branch of the dungeon, and saw 2 of its levels.

You collected 141 gold pieces.

Inventory:

Hand Weapons
 a - a +0 flail (weapon)
Armour
 b - a +0 scale mail (worn)
 c - a +0 buckler (worn)
 f - a +0 helmet (worn)
 j - a +0 pair of boots (worn)
Scrolls
 e - a scroll of teleportation
 g - a scroll of poison
 i - a scroll of amnesia {unknown}
Potions
 d - a potion of might
 h - a potion of attraction {unknown}


   Skills:
 + Level 3.5 Fighting
 * Level 3.1 Maces & Flails
 - Level 2.6 Armour
 + Level 3.2 Shields


You had 3 spell levels left.
You didn't know any spells.
Your spell library contained the following spells:

 Spells                   Type           Power      Damage    Failure   Level
 Cigotuvi's Dreadful Rot  Necr/Pois/Air  0%         N/A       94%         2
 Poisonous Vapours        Pois/Air       0%         N/A       94%         2
 Mephitic Cloud           Conj/Pois/Air  0%         N/A       99%         3


Dungeon Overview and Level Annotations

Branches:
Dungeon (2/15)

Altars:
Dithmenos

Annotations:
D:2 Sigmund


Innate Abilities, Weirdness & Mutations

You have very sharp fingernails.
A meltable shield of frost defends you. (SH +0)


Message History

You see here a +0 short sword.
You now have 141 gold pieces (gained 14).
i - a scroll labelled ILORO KAAFF Sigmund the Dreaded comes into view.
He is wielding a +0 scythe.
Sigmund shouts!
Sigmund mumbles some strange words.
Sigmund flickers and vanishes!
Deactivating autopickup; reactivate with Ctrl-A.
You see here 15 gold pieces.
There is a strange disturbance nearby!
There is a strange disturbance nearby!
There is a strange disturbance nearby!
A puff of flame appears from out of thin air!
The puff of flame misses you.
Found a scroll labelled SAURUO MOUNO.
Something completely misses you.
You thump something! You block something's attack.
No target in view!
You closely miss something. Something hits you.
You hit something. Something hits you but does no damage.
You closely miss something. You closely miss something.
You hear some strange, mumbled words.
A puff of flame appears from out of thin air!
The puff of flame hits you!
Your condensation shield dissipates!
Something hits you.
You closely miss something. You miss something.
Something hits you but does no damage.
You closely miss something. Something hits you.
You miss something. Something hits you but does no damage.
You miss something. Something hits you.
You miss something.
You hear some strange, mumbled words.
Something tries to affect you, but you resist.
You miss something. Something hits you!
* * * LOW HITPOINT WARNING * * *
You barely miss something. Something hits you!
* * * LOW HITPOINT WARNING * * *
You miss something. Something hits you.
You die...

.......#<.........####
.......#..........#
.......#..........##
.#...#.#.#.#.......#
...................#
.#.. ##............#
#.. #............#
##............#
#..{@...$....#
#....##.....#####
#......##.......#
#.#.............#
.................#
...###............#
?.. ..............#
... #............##
##............#


There were no monsters in sight!

Vanquished Creatures
  Natasha (D:2)
  A gnoll (D:1)
  2 adders (D:2)
  A dart slug (D:1)
  3 orcs (D:2)
  An endoplasm (D:1)
  2 hobgoblins (D:1)
  A quokka (D:1)
  2 ball pythons
  2 bats
  A goblin (D:1)
  2 kobolds
  2 rats (D:1)
21 creatures vanquished.

Notes
Turn   | Place    | Note
-------+----------+-------------------------------------------
     0 | D:1      | purpskrrrp the Demonspawn Fighter began the quest for the
                  | Orb.
     0 | D:1      | Reached XP level 1. HP: 18/18 MP: 1/1
   122 | D:1      | Gained mutation: You have sharp fingernails. [demonic
                  | ancestry]
   122 | D:1      | Reached XP level 2. HP: 15/24 MP: 2/2
   906 | D:2      | Gained mutation: You have very sharp fingernails. [demonic
                  | ancestry]
   906 | D:2      | Reached XP level 3. HP: 21/29 MP: 3/3
   937 | D:2      | Noticed Natasha
   946 | D:2      | Killed Natasha
  1069 | D:2      | Found a shadowy altar of Dithmenos.
  1120 | D:2      | Gained mutation: A meltable shield of frost defends you.
                  | (SH +0) [demonic ancestry]
  1120 | D:2      | Reached XP level 4. HP: 17/35 MP: 4/4
  1207 | D:2      | Noticed Sigmund
  1224 | D:2      | HP: 1/35 [something (7)]
  1225 | D:2      | Slain by Sigmund

Illustrated notes

Levels and vault maps discovered:
D:1:      onia_arrival_pyramid, layout_basic, roderic_filled_cross,
          roderic_lattice_a, minmay_surrounded
D:2:      kennysheep_the_goblin_king, layout_basic, basic_altar,
          roderic_roman_lattice, uniq_sigmund, uniq_natasha, uniq_jessica

Skill      XL: |  1  2  3 |
---------------+----------+-----
Maces & Flails | 2 3 |  3.1
Shields        | 3 |  3.2
Fighting       | |  3.5
Armour         | |  2.6

Action                   |  1- 3 |  4- 6 || total
-------------------------+-------+-------++-------
Melee: Flail             |    72 |    20 ||    92
  Use: Scroll            |     4 |       ||     4
Armor: Scale mail        |    33 |     5 ||    38
Dodge: Dodged            |    30 |     3 ||    33
Block: Buckler           |    21 |     3 ||    24

Table legend: (Time is in decaauts)
 A = Elapsed time spent in this place.
 B = Non-inter-level travel time spent in this place.
 C = Inter-level travel time spent in this place.
 D = Time resting spent in this place.
 E = Time spent auto-exploring this place.
 F = Levels seen in this place.
 G = Mean time per level.
                   A        B        C        D        E       F      G
               +--------+--------+--------+--------+--------+-----+--------+
         Total |   1253 |   1170 |     83 |      0 |    946 |   2 |  626.5 |
       Dungeon |   1253 |   1170 |     83 |      0 |    946 |   2 |  626.5 |
               +--------+--------+--------+--------+--------+-----+--------+

Top non-repeatable levels by time:
     D:1: 879 daAuts
     D:2: 374 daAuts
